 Dungeon Crawl Stone Soup version 0.24-a0-434-gd57e52fea8 (webtiles) character file.

Game seed: 3203771208998659094

38 mhoghedin the Conjurer (level 3, -5/26 HPs)
             Began as a Draconian Conjurer on June 15, 2019.
             Slain by Natasha (7 damage)
             ... on level 2 of the Dungeon.
             The game lasted 00:00:59 (791 turns).

mhoghedin the Conjurer (Draconian Conjurer)          Turns: 791, Time: 00:01:00

Health: -5/26      AC:  5    Str: 10    XL:     3   Next: 25%
Magic:  6/7        EV: 12    Int: 16    God:
Gold:   40         SH:  0    Dex: 11    Spells: 6/7 levels left

rFire    . . .     SeeInvis +   e - +2 short sword (venom)
rCold    . . .     Gourm    .   (no shield)
rNeg     . . .     Faith    .   (armour unavailable)
rPois    .         Spirit   .   (helmet restricted)
rElec    .         Reflect  .   (no cloak)
rCorr    .         Harm     .   (no gloves)
MR       .....                  (no boots)
Stlth    ++........             (no amulet)
HPRegen  0.08/turn              g - ring of see invisible {sInv, !d}
MPRegen  0.10/turn              (no ring)

@: no status effects
A: unfitting armour, cold-blooded, AC +5
a: no special abilities


You were on level 2 of the Dungeon.
You were not hungry.

You visited 1 branch of the dungeon, and saw 2 of its levels.

You collected 40 gold pieces.

Inventory:

Hand Weapons
 e - a +2 short sword of venom (weapon)
   (You took it off a kobold on level 1 of the Dungeon)
Jewellery
 g - a ring of see invisible (left hand) {sInv, !d}
   (You found it on level 2 of the Dungeon)
Scrolls
 c - 2 scrolls of teleportation {unknown}
 f - a scroll of magic mapping {unknown}
Potions
 a - a potion of flight {unknown}
 d - a potion of resistance {unknown}
Comestibles
 b - 4 rations


   Skills:
 - Level 1.7 Dodging
 - Level 1.7 Stealth
 + Level 2.8 Spellcasting
 + Level 4.6 Conjurations


You had 6 spell levels left.
You knew the following spells:

 Your Spells              Type           Power        Failure   Level  Hunger
a - Magic Dart            Conj           ###.         3%          1    #......

Your spell library contained the following spells:

 Spells                   Type           Power        Failure   Level  Hunger
 Searing Ray              Conj           ###...       4%          2    ##.....
 Dazzling Spray           Conj/Hex       #.....       22%         3    ###....
 Iskenderun's Mystic Bla  Conj           ###.....     28%         4    #####..
 Force Lance              Conj/Tloc      #.......     58%         4    #####..
 Fulminant Prism          Conj/Hex       #.........   58%         4    #####..


Dungeon Overview and Level Annotations

Branches:
Dungeon (1/15)

Altars:

Annotations:
D:2 Natasha


Innate Abilities, Weirdness & Mutations

Your plain brown scales are hard. (AC +5)
You cannot fit into any form of body armour.
You are cold-blooded and may be slowed by cold attacks.


Message History

You fall into a shaft and drop 1 floor!
The shaft crumbles and collapses.
A frilled lizard comes into view.
A frilled lizard is nearby!
The frilled lizard hisses angrily.
You barely miss the frilled lizard. The frilled lizard bites you.
You take 1 damage, and have 19/20 hp.
You hit the frilled lizard.
You kill the frilled lizard!
No target in view!
No target in view!
No target in view!
No target in view!
No target in view!
No target in view!
No target in view!
No target in view!
You now have 40 gold pieces (gained 6).
You see here a hunting sling.
g - a knobbly opal ring You open the door.
There is an open door here.
You open the door.
There is an open door here.
Found a stone staircase leading down.
Health restored: 20
g - a ring of see invisible (left hand)
You open the door.
There is an open door here.
You open the door.
A bat comes into view.
A bat is nearby!
You closely miss the bat. The bat completely misses you.
The bat hits you but does no damage. The bat closely misses you.
You barely miss the bat. The bat barely misses you.
The bat hits you but does no damage.
You hit the bat. The bat closely misses you.
You hit the bat but do no damage.
The bat is poisoned.
The bat hits you.
You take 1 damage, and have 19/20 hp.
You hit the bat but do no damage.
The bat looks as sick as possible!
You kill the bat!
No target in view!
No target in view!
No target in view!
No target in view!
No target in view!
No target in view!
There is an open door here.
There is a stone staircase leading down here.
You see here a mace.
As you open the door, it creaks loudly!
Natasha, Servant of Life and Death comes into view.
Natasha hisses angrily.
Health restored: 20 You completely miss Natasha.
You tail-slap Natasha. Natasha casts a spell at you. The magic dart hits you!
Ouch! That really hurt!
You take 11 damage, and have 9/20 hp.
MASSIVE DAMAGE!!
Aim: Natasha (lightly wounded)
The magic dart hits Natasha but does no damage.
Natasha misses you.
You now have 4/5 mp.
Aim: Natasha (lightly wounded)
The magic dart hits Natasha.
Natasha barely misses you.
You now have 3/5 mp.
Unknown command.
Aim: Natasha (moderately wounded)
The magic dart hits Natasha.
Natasha claws you.
* * * LOW HITPOINT WARNING * * *
You take 4 damage, and have 5/20 hp.
You now have 2/5 mp.
You hit Natasha.
Natasha is poisoned.
Your tail-slap misses Natasha.
Natasha mumbles some strange words.
You hit Natasha.
You kill Natasha!
Natasha screams in pain as she dies!
The shadow imp disappears in a puff of smoke!
You have reached level 3!
Your experience leads to an increase in your attributes!
Increase (S)trength, (I)ntelligence, or (D)exterity?
You feel clever.
Your scales feel tougher.
You regained 2 hp, and now have 7/26 hp.
You close the door.
You start resting.
Natasha, Servant of Life and Death comes into view.
You regained 4 hp, and now have 11/26 hp.
You regained 4 mp, and now have 6/7 mp.
Natasha hisses angrily.
You see here a mace.
Aim: Natasha The magic dart hits Natasha but does no damage.
Natasha stares at you and mumbles some strange words.
The magic dart hits you!
* * * LOW HITPOINT WARNING * * *
You take 9 damage, and have 2/26 hp.
MASSIVE DAMAGE!!
You now have 5/7 mp.
Natasha claws you!
You die...

##### ##### #...#
#.... #...# #....
#######...####....
#.....'...'..'....
#.#####.†.####...)
#h##....##########
#@......'.........
#)##....##########
#.##.^..#
#+####### ...
§.... #......
#......# #.......


You could see Natasha.

Vanquished Creatures
  Natasha (D:2)
  3 giant cockroaches (D:1)
  2 hobgoblins (D:1)
  2 bats
  A frilled lizard (D:2)
  3 kobolds (D:1)
  2 rats (D:1)
14 creatures vanquished.

Notes
Turn   | Place    | Note
-------+----------+-------------------------------------------
     0 | D:1      | mhoghedin the Draconian Conjurer began the quest for the
                  | Orb.
     0 | D:1      | Reached XP level 1. HP: 14/14 MP: 3/3
   330 | D:1      | Reached XP level 2. HP: 18/20 MP: 5/5
   694 | D:1      | You fall into a shaft and drop 1 floor!
   739 | D:2      | Noticed Natasha
   743 | D:2      | HP: 5/20 [Natasha (4)]
   745 | D:2      | Killed Natasha
   745 | D:2      | Reached XP level 3. HP: 7/26 MP: 2/7
   788 | D:2      | Noticed Natasha
   790 | D:2      | HP: 2/26 [Natasha/magic dart (9)]
   791 | D:2      | Slain by Natasha

Levels and vault maps discovered:
D:1:      kennysheep_arrival_forest, layout_basic
D:2:      layout_basic, serial_park_tiny_pond, kennysheep_boxes, uniq_natasha

Action                   || total
-------------------------++-------
Melee: Short sword       ||    27
       Tailslap          ||     5
       Unarmed           ||     2
 Cast: Magic Dart        ||     9
  Use: Scroll            ||     1
 Stab: Sleeping          ||     1
Armor: Skin              ||     6
Dodge: Dodged            ||    17

Table legend:
 A = Non-vault XP
 B = Vault XP
 C = Vault XP percentage of total XP
 D = Non-vault monster count
 E = Vault monster count
 F = Vault count percentage of total count
                 A         B        C        D         E       F
            +---------+---------+-------+---------+---------+-------
      Total |      19 |      36 |  65.5 |      13 |       1 |   7.1
            +---------+---------+-------+---------+---------+-------
        D:1 |      16 |       0 |   0.0 |      11 |       0 |   0.0
        D:2 |       3 |      36 |  92.3 |       2 |       1 |  33.3
            +---------+---------+-------+---------+---------+-------

Levels and vault maps discovered:
D:1:      kennysheep_arrival_forest, layout_basic
D:2:      layout_basic, serial_park_tiny_pond, kennysheep_boxes, uniq_natasha

Table legend:
 A = Turns spent in this place as a percentage of turns spent in the entire game.
 B = Non-inter-level travel turns spent in this place as a percentage of non-inter-level travel turns spent in the entire game.
 C = Inter-level travel turns spent in this place as a percentage of turns spent in this place.
 D = Turns resting spent in this place as a percentage of non-inter-level travel turns spent in this place.
 E = Turns spent auto-exploring this place as a percentage of non-inter-level travel turns spent in this place.
 F = Non-inter-level travel turns spent in this place divided by the number of levels of this place that you've seen.
                   A       B       C       D       E      F
               +-------+-------+-------+-------+-------+----------------------
         Total | 100.0 | 100.0 |   0.0 |  21.2 |  65.9 | 395.5
       Dungeon | 100.0 | 100.0 |   0.0 |  21.2 |  65.9 | 395.5
               +-------+-------+-------+-------+-------+----------------------

Table legend:
 A = Kills in this place as a percentage of kills in entire the game.
 B = Kills by you in this place as a percentage of kills by you in the entire game.
 C = Kills by friends in this place as a percentage of kills by friends in the entire game.
 D = Other kills in this place as a percentage of other kills in the entire game.
 E = Experience gained in this place as a percentage of experience gained in the entire game.
 F = Experience gained in this place divided by the number of levels of this place that you have seen.
                   A       B       C       D       E      F
               +-------+-------+-------+-------+-------+----------------------
         Total | 100.0 | 100.0 |   N/A |   N/A | 100.0 |  27.5
       Dungeon | 100.0 | 100.0 |   N/A |   N/A | 100.0 |  27.5
               +-------+-------+-------+-------+-------+----------------------
